[Event "CAT-chT 2020"]
[Site "Catalonia"]
[Date "2020.02.22"]
[Round "6.5"]
[White "Fernandez Soriano, Ruben"]
[Black "Alonso Moyano, Jonathan"]
[Result "1/2-1/2"]
[ECO "A80"]
[WhiteElo "2181"]
[BlackElo "2344"]
[Annotator "ChessBase"]
[PlyCount "45"]
[EventDate "2020.01.18"]
[EventType "team-tourn"]
[EventCountry "ESP"]
[SourceTitle "playchess.com"]
[Source "ChessBase"]
[SourceQuality "1"]
[TimeControl "5400+30"]

1. d4 f5 2. Bg5 g6 3. Nd2 Bg7 4. e4 fxe4 5. Nxe4 d5 6. Ng3 Nc6 7. Nf3 Qd6 8. c3 Nh6 9. Qd2 Nf7 10. Bf4 e5 11. dxe5 Ncxe5 12. Be2 Be6 13. O-O O-O-O 14. Rfe1 Rhe8 15. Rad1 Qf8 16. Nxe5 Nxe5 17. Bxe5 Bxe5 18. Qe3 Bxg3 19. Qxg3 Qf6 20. Bf3 c6 21. Rxe6 Rxe6 22. Bg4 Rd7 23. Qh3 1/2-1/2

[Event "CAT-chT 2020"]
[Site "Catalonia"]
[Date "2020.02.22"]
[Round "6.6"]
[White "Aranda Flores, Jordi"]
[Black "Brusi Noguera, Ricardo Ll."]
[Result "1-0"]
[ECO "A05"]
[WhiteElo "2171"]
[BlackElo "2124"]
[Annotator "ChessBase"]
[PlyCount "66"]
[EventDate "2020.01.18"]
[EventType "team-tourn"]
[EventCountry "ESP"]
[SourceTitle "playchess.com"]
[Source "ChessBase"]
[SourceQuality "1"]
[TimeControl "5400+30"]

1. Nf3 Nf6 2. c4 g6 3. b3 Bg7 4. Bb2 O-O 5. d4 d6 6. g3 e5 7. dxe5 Nfd7 8. Nc3 dxe5 9. Qd2 Re8 10. h4 e4 11. Ng5 Nc5 12. Nd5 f6 13. Qc3 h6 14. O-O-O Rf8 15. Qe3 Nd3+ 16. exd3 fxg5 17. Bxg7 Kxg7 18. dxe4 c6 19. Nc3 Qf6 20. hxg5 hxg5 21. e5 Qf3 22. Qxf3 Rxf3 23. Ne4 Bf5 24. Nf6 Kf7 25. Rd6 Na6 26. Rh7+ Kf8 27. Rh8+ Kf7 28. Rxa8 Rxf2 29. Bd3 Nb4 30. Bxf5 Nxa2+ 31. Kd1 Nc3+ 32. Ke1 Re2+ 33. Kf1 Rxe5 1-0

[Event "CAT-chT 2020"]
[Site "Catalonia"]
[Date "2020.02.22"]
[Round "6.7"]
[White "Lerch i Gallemi, Jose Ma."]
[Black "Leiro Giralt, Daniel"]
[Result "1/2-1/2"]
[ECO "C42"]
[WhiteElo "2113"]
[BlackElo "2173"]
[Annotator "ChessBase"]
[PlyCount "29"]
[EventDate "2020.01.18"]
[EventType "team-tourn"]
[EventCountry "ESP"]
[SourceTitle "playchess.com"]
[Source "ChessBase"]
[SourceQuality "1"]
[TimeControl "5400+30"]

1. e4 e5 2. Nf3 Nf6 3. d3 c6 4. Nbd2 Qc7 5. g3 d5 6. Bg2 Bd6 7. O-O O-O 8. Re1 Re8 9. Nh4 Be6 10. Nf1 Nbd7 11. h3 Bb4 12. Bd2 Bxd2 13. Qxd2 Rad8 14. g4 dxe4 15. dxe4 1/2-1/2

[Event "CAT-chT 2020"]
[Site "Catalonia"]
[Date "2020.02.22"]
[Round "6.7"]
[White "Sirera Bargallo, Tomas"]
[Black "Perez Manas, Benjamin"]
[Result "0-1"]
[ECO "A05"]
[WhiteElo "2102"]
[BlackElo "2280"]
[Annotator "ChessBase"]
[PlyCount "80"]
[EventDate "2020.01.18"]
[EventType "team-tourn"]
[EventCountry "ESP"]
[SourceTitle "playchess.com"]
[Source "ChessBase"]
[SourceQuality "1"]
[TimeControl "5400+30"]

1. Nf3 Nf6 2. g3 c5 3. Bg2 Nc6 4. O-O g6 5. d3 Bg7 6. e4 O-O 7. Re1 e5 8. Bg5 h6 9. Bxf6 Bxf6 10. Nc3 d6 11. Nd5 Bg7 12. c3 Be6 13. Rb1 Ne7 14. c4 Nxd5 15. exd5 Bd7 16. b4 b6 17. bxc5 bxc5 18. Rb7 Qc8 19. Rb1 Qc7 20. Qb3 Rab8 21. Qa3 a5 22. Rb3 a4 23. Rbb1 Rb7 24. Nd2 Rfb8 25. h3 Qa5 26. Qc1 Rxb1 27. Nxb1 Qb4 28. Nc3 f5 29. Qc2 Qb2 30. Rc1 a3 31. Bf3 e4 32. dxe4 Qxc2 33. Rxc2 Rb2 34. Rc1 Bd4 35. Ne2 fxe4 36. Nxd4 exf3 37. Nxf3 Rxa2 38. g4 Rb2 39. Kg2 a2 40. Ra1 Ba4 0-1

[Event "CAT-chT 2020"]
[Site "Catalonia"]
[Date "2020.02.22"]
[Round "6.8"]
[White "Martinez Ramirez, Erik"]
[Black "Rofes Barcelo, Josep M."]
[Result "1-0"]
[ECO "C11"]
[WhiteElo "2229"]
[BlackElo "2080"]
[Annotator "ChessBase"]
[PlyCount "53"]
[EventDate "2020.01.18"]
[EventType "team-tourn"]
[EventCountry "ESP"]
[SourceTitle "playchess.com"]
[Source "ChessBase"]
[SourceQuality "1"]
[TimeControl "5400+30"]

1. e4 e6 2. Nf3 d5 3. Nc3 Nf6 4. e5 Nfd7 5. d4 h6 6. h4 c5 7. dxc5 Nc6 8. Bf4 Nxc5 9. a3 a5 10. h5 Bd7 11. Rh3 a4 12. Rg3 Qa5 13. Qd2 Ne4 14. Nxe4 dxe4 15. O-O-O Qc7 16. Nd4 Nxd4 17. Qxd4 Bc6 18. Rc3 Be7 19. Bb5 Rd8 20. Bxc6+ bxc6 21. Qxe4 Rxd1+ 22. Kxd1 O-O 23. Qxc6 Qa7 24. Ke1 Qb8 25. b4 Bg5 26. Bxg5 Qxe5+ 27. Be3 1-0

[Event "CAT-chT 2020"]
[Site "Catalonia"]
[Date "2020.02.22"]
[Round "6.8"]
[White "Moll, Arne"]
[Black "Sorroche Martin, Jose Maria"]
[Result "1-0"]
[ECO "C10"]
[WhiteElo "2205"]
[BlackElo "2169"]
[Annotator "ChessBase"]
[PlyCount "67"]
[EventDate "2020.01.18"]
[EventType "team-tourn"]
[EventCountry "ESP"]
[SourceTitle "playchess.com"]
[Source "ChessBase"]
[SourceQuality "1"]
[TimeControl "5400+30"]

1. e4 e6 2. d4 d5 3. Nc3 h6 4. Bd3 a6 5. Nf3 Bb4 6. O-O Nc6 7. Qe2 Nge7 8. Bd2 O-O 9. Rad1 b5 10. a4 Bxc3 11. Bxc3 b4 12. Bd2 a5 13. Rfe1 dxe4 14. Qxe4 f5 15. Qh4 Nd5 16. Qg3 Qd6 17. Ne5 Rf6 18. c4 bxc3 19. bxc3 Ba6 20. Bxa6 Rxa6 21. Qd3 Ra8 22. Qb5 Nd8 23. c4 c6 24. Qc5 Qxc5 25. dxc5 Nb4 26. Nd7 Nb7 27. Nxf6+ gxf6 28. Bxb4 axb4 29. Rxe6 Nxc5 30. Rxc6 Ne4 31. Rb6 Rxa4 32. f3 Nc5 33. Rd5 Na6 34. Rb7 1-0

[Event "CAT-chT 2020"]
[Site "Catalonia"]
[Date "2020.02.22"]
[Round "6.9"]
[White "Sierra Montoya, Miquel"]
[Black "Comellas Blanchart, Jordi"]
[Result "1-0"]
[ECO "B90"]
[WhiteElo "2131"]
[BlackElo "2149"]
[Annotator "ChessBase"]
[PlyCount "93"]
[EventDate "2020.01.18"]
[EventType "team-tourn"]
[EventCountry "ESP"]
[SourceTitle "playchess.com"]
[Source "ChessBase"]
[SourceQuality "1"]
[TimeControl "5400+30"]

1. e4 c5 2. Nf3 d6 3. d4 cxd4 4. Nxd4 Nf6 5. Nc3 a6 6. a3 e5 7. Nf5 d5 8. Bg5 d4 9. Bxf6 gxf6 10. Nb1 Bxf5 11. exf5 Qa5+ 12. Nd2 Bh6 13. b4 Bxd2+ 14. Qxd2 Qd5 15. Bd3 Qxg2 16. O-O-O Qg5 17. f4 Qxf4 18. Qxf4 exf4 19. Rhe1+ Kf8 20. Be4 Nc6 21. Bxc6 bxc6 22. Rxd4 Re8 23. Rf1 Rg8 24. Rfxf4 Rg1+ 25. Kb2 Ree1 26. Rd8+ Re8 27. Rd6 Re5 28. Rxc6 a5 29. Rxf6 Rg2 30. h4 Rge2 31. Rb6 a4 32. f6 R5e3 33. Rb8+ Re8 34. Rxe8+ Kxe8 35. b5 Re5 36. Rb4 Kd7 37. c4 Re2+ 38. Kc1 Rf2 39. c5 Rxf6 40. Rxa4 Rf5 41. Rc4 Rf2 42. a4 f5 43. c6+ Kc8 44. b6 f4 45. Re4 Kd8 46. c7+ Kd7 47. Rd4+ 1-0

[Event "CAT-chT 2020"]
[Site "Catalonia"]
[Date "2020.02.22"]
[Round "6.9"]
[White "Guasch Figuerola, Agusti"]
[Black "Ramirez Carrizo, Victor Jose"]
[Result "0-1"]
[ECO "A20"]
[WhiteElo "2004"]
[BlackElo "2190"]
[Annotator "ChessBase"]
[PlyCount "49"]
[EventDate "2020.01.18"]
[EventType "team-tourn"]
[EventCountry "ESP"]
[SourceTitle "playchess.com"]
[Source "ChessBase"]
[SourceQuality "1"]
[TimeControl "5400+30"]

1. c4 e5 2. g3 c6 3. Nf3 e4 4. Nd4 d5 5. cxd5 Qxd5 6. Nc2 Nf6 7. Nc3 Qe6 8. Bg2 Bc5 9. b4 Bb6 10. Bb2 O-O 11. Na4 Nbd7 12. O-O Ne5 13. Ne3 Re8 14. Nxb6 axb6 15. a3 Neg4 16. Bd4 Nd5 17. Nxd5 cxd5 18. Qb3 Ne5 19. d3 f5 20. Rfc1 Bd7 21. dxe4 fxe4 22. Bxe5 Qxe5 23. b5 Rac8 24. e3 Rc5 25. Rxc5 0-1

[Event "CAT-chT 2020"]
[Site "Catalonia"]
[Date "2020.02.22"]
[Round "6.10"]
[White "Dickl, Errol"]
[Black "Romero Calderon, Juan"]
[Result "1/2-1/2"]
[ECO "C00"]
[WhiteElo "2159"]
[BlackElo "2099"]
[Annotator "ChessBase"]
[PlyCount "78"]
[EventDate "2020.01.18"]
[EventType "team-tourn"]
[EventCountry "ESP"]
[SourceTitle "playchess.com"]
[Source "ChessBase"]
[SourceQuality "1"]
[TimeControl "5400+30"]

1. e4 e6 2. d3 b6 3. f4 Bb7 4. Nf3 Nf6 5. c3 c5 6. Nbd2 Be7 7. g3 d5 8. e5 Ng4 9. Qe2 h5 10. h4 Nc6 11. Bh3 b5 12. O-O b4 13. Nb3 c4 14. Nbd4 Qb6 15. Rd1 cxd3 16. Qxd3 Ba6 17. Qd2 Na5 18. Qe1 bxc3 19. bxc3 Rc8 20. Bxg4 hxg4 21. Nh2 Qc5 22. Bd2 Nc4 23. Rdc1 Rb8 24. Rab1 O-O 25. Nxg4 Rxb1 26. Rxb1 Qa3 27. Be3 Rc8 28. Bf2 Nb6 29. f5 exf5 30. Nxf5 Bd3 31. Nxe7+ Qxe7 32. Rb4 Nc4 33. Bd4 a5 34. Rb3 Bc2 35. Rb5 Qd7 36. e6 Qxb5 37. exf7+ Kf8 38. Bxg7+ Kxg7 39. Qe4 Qc5+ {Qe2 Qb5 Qe1 Kf8} 1/2-1/2